 Dungeon Crawl Stone Soup version 0.16.2-12-gd0ad4c3 (webtiles) character file.

540491 Kloppie the Executioner (level 24, -2/223 (224) HPs)
             Began as a Minotaur Berserker on Nov 3, 2015.
             Was the Champion of Trog.
             Splashed by an acid blob's acid (4 damage)
             ... created by the royal jelly
             ... on level 6 of the Pits of Slime.
             The game lasted 04:13:54 (64760 turns).

Kloppie the Executioner (Minotaur Berserker)       Turns: 64760, Time: 04:13:54

HP:   -2/223 (224)  AC: 31    Str: 31    XL:     24   Next: 72%
MP:   17/17         EV: 18    Int:  9    God:    Trog [******]
Gold: 3663          SH:  0    Dex: 16    Spells: 0 memorised, 23 levels left

rFire  + + +     SeeInvis +     a - +2 executioner's axe (antimagic)
rCold  . . .     Clarity  +     J - +8 orange crystal plate armour {Archmagi, Int+3 Clar SustAb}
rNeg   . . .     SustAb   +     (no shield)
rPois  +         Gourm    .     E - +0 hat "Kyihueh" {Regen+ MP+9 SInv Stlth-}
rElec  .         Spirit   .     L - +2 cloak {MR+}
rCorr  +         Warding  .     T - +3 pair of gauntlets of War {Slay+5}
rMut   +         Stasis   .     S - +3 pair of boots of Action {rPois Regen+ rCorr Int-2 SInv}
MR     +++..                    y - amulet of Prekh {rMut Str+3}
Stlth  ..........               r - ring "Joreor" {rF+ MR+ Int+4 Stlth+}
                                V - ring "Zaecwam" {rF++ MP+9 AC-2 SInv}

@: corroded equipment, rotting, extremely resistant to hostile enchantments,
extremely unstealthy
A: retaliatory headbutt, horns 2
a: Burn Spellbooks, Berserk, Trog's Hand, Brothers in Arms, Renounce Religion
}: 3/15 runes: serpentine, barnacled, silver


You were on level 6 of the Pits of Slime.
You worshipped Trog.
Trog was exalted by your worship.
You were not hungry.

You visited 9 branches of the dungeon, and saw 52 of its levels.
You visited the Abyss 2 times.
You visited 1 bazaar.
You also visited: Trove and Sewer.

You collected 7021 gold pieces.
You spent 3358 gold pieces at shops.

Inventory:

Hand weapons
 a - a +2 antimagic executioner's axe (weapon)
 b - a +5 triple crossbow of flaming
Missiles
 l - 747 bolts
 Z - 79 silver bolts
Armour
 E - the +0 hat "Kyihueh" (worn) {Regen+ MP+9 SInv Stlth-}
   (You acquired it on level 5 of the Vaults)

   It affects your magic capacity (+9).
   It enhances your eyesight.
   It increases your rate of regeneration.
   It makes you less stealthy.
 G - the +3 cloak of Flash {+Fly EV+4}
   (You found it in a treasure trove)

   It affects your evasion (+4).
   It lets you fly.
 J - the +8 orange crystal plate armour (worn) {Archmagi, Int+3 Clar SustAb}
   (You took it off a deep elf high priest on level 3 of the Elven Halls)

   It affects your intelligence (+3).
   It sustains your strength, intelligence and dexterity.
   It protects you against confusion.
 L - a +2 cloak of magic resistance (worn)
 P - the +1 cloak "Ijiogish" {rElec Str+2}
   (You found it in a treasure trove)

   It affects your strength (+2).
   It insulates you from electricity.
 S - the +3 pair of boots of Action (worn) {rPois Regen+ rCorr Int-2 SInv}
   (You found it in a treasure trove)

   It affects your intelligence (-2).
   It protects you from poison.
   It enhances your eyesight.
   It increases your rate of regeneration.
   It protects you from acid and corrosion.
 T - the +3 pair of gauntlets of War (worn) {Slay+5}
   (You found it in a treasure trove)

   It affects your accuracy and damage with ranged weapons and melee attacks
   (+5).
Jewellery
 r - the ring "Joreor" (right hand) {rF+ MR+ Int+4 Stlth+}
   (You found it on level 12 of the Dungeon)

   [ring of protection from magic]

   It affects your intelligence (+4).
   It protects you from fire.
   It affects your resistance to hostile enchantments.
   It makes you more stealthy.
 v - an uncursed ring of poison resistance
 y - the amulet of Prekh (around neck) {rMut Str+3}
   (You found it on level 2 of the Shoals)

   [amulet of resist mutation]

   It protects you from mutation.
   It affects your strength (+3).
 M - the ring of Heujyule {rN+ Str+3}
   (You took it off an orc knight on level 5 of the Vaults)

   [ring of positive energy]

   It affects your strength (+3).
   It protects you from negative energy.
 Q - the amulet of the Four Winds {Clar rN+ MR+++}
   (You found it on level 15 of the Dungeon)

   [amulet of clarity]

   It provides mental clarity.
   It protects you from negative energy.
   It affects your resistance to hostile enchantments.
 R - the amulet "Tratzun" {Gourm +Blink rElec Int+3 SInv Stlth-}
   (You bought it in a shop on level 4 of the Orcish Mines)

   [amulet of the gourmand]

   It allows you to eat raw meat even when not hungry.
   It affects your intelligence (+3).
   It insulates you from electricity.
   It enhances your eyesight.
   It lets you blink.
   It makes you less stealthy.
 V - the ring "Zaecwam" (left hand) {rF++ MP+9 AC-2 SInv}
   (You bought it in a shop on level 4 of the Orcish Mines)

   [ring of protection]

   It affects your AC (-2).
   It greatly protects you from fire.
   It affects your magic capacity (+9).
   It enhances your eyesight.
Magical devices
 f - a wand of digging (13)
 m - a wand of hasting (2)
 o - a wand of teleportation (3)
 q - a wand of digging (6)
 B - a wand of disintegration (4)
Scrolls
 h - 10 scrolls of teleportation
 n - 4 scrolls of magic mapping
 w - 4 scrolls of fog
 A - 5 scrolls of identify
 I - 14 scrolls of remove curse
 Y - 5 scrolls of recharging
Potions
 d - 5 potions of haste
 e - 6 potions of might
 i - 13 potions of curing
 j - 11 potions of restore abilities
 x - 3 potions of cure mutation
 C - 4 potions of flight
 F - 2 potions of cancellation
 K - 2 potions of resistance
Miscellaneous
 g - a lamp of fire
Comestibles
 c - 18 bread rations


   Skills:
 - Level 20.1 Fighting
 + Level 24.3 Axes
 - Level 20.0 Crossbows
 - Level 20.0 Armour
 - Level 20.0 Dodging
 - Level 16.2 Evocations


You had 23 spell levels left.
You didn't know any spells.

Dungeon Overview and Level Annotations

Branches:
Dungeon (15/15)            Temple (0/1) D:4            Lair (8/8) D:10
 Shoals (5/5) Lair:3        Snake (5/5) Lair:6        Slime (6/6) Lair:8
    Orc (4/4) D:11            Elf (3/3) Orc:3        Vaults (5/5) D:14
  Crypt (0/3) Vaults:2     Depths (1/5) D:15

Altars:
Ashenzari
Cheibriados
Dithmenos
Fedhas
Okawaru
Ru
Sif Muna
Xom
Yredelemnul
Beogh
Jiyva

Shops:
D:13 }[*   Orc:3 [   Orc:4 %(*=[   Snake:1 }%(=!   Vaults:2 (   Vaults:4 :

Portals:
Hell: Depths:1
Pandemonium: Depths:1

Annotations:
Slime:6 Royal Jelly


Innate Abilities, Weirdness & Mutations

You reflexively headbutt those who attack you in melee.
You have a pair of horns on your head.


Message History

You resist.
* * * LOW HITPOINT WARNING * * *
The acid blob spits acid at you. The splash of acid hits you! You resist.
The acid burns!
You resist.
* * * LOW HITPOINT WARNING * * *
The acid blob spits acid at you. The splash of acid hits you!
The acid corrodes your equipment!
The acid burns!
You resist.
* * * LOW HITPOINT WARNING * * *
The death ooze jiggles.
The acid blob spits acid at you. The splash of acid hits you! You resist.
* * * LOW HITPOINT WARNING * * *
The acid burns!
You resist.
* * * LOW HITPOINT WARNING * * *
The acid blob spits acid at you. The splash of acid hits you! You resist.
* * * LOW HITPOINT WARNING * * *
The acid burns!
You resist.
You die...

##.........#.####
##............#..##
#......JJ.........#.
.........J.J.........
........JJJJJJ........
........JJ.JJJ........
..........J...........
.......................
..........JJJ.@........
......................
.....................
.....................
....................
...................
................... .
.................. ..
...................


You could see 7 acid blobs, 5 azure jellies and 5 death oozes.

Vanquished Creatures
  Boris (Vaults:4)
  Sojobo (Vaults:3)
  Mennas (Vaults:4)
  Jory (Vaults:4)
  2 bone dragons (Abyss:1)
  Nikola (Snake:5)
  5 tentacled monstrosities
  The ghost of gaypyos the Slayer, a mighty MiBe of Trog (Shoals:5)
  An Ice Fiend (Elf:3)
  2 deep elf blademasters (Elf:3)
  3 titans (Vaults:5)
  2 deep elf master archers (Elf:3)
  Asterion (Snake:3)
  20 acid blobs
  3 liches (Vaults:5)
  Polyphemus (Shoals:3)
  5 sphinxes
  Rupert (Lair:3)
  Agnes (Shoals:1)
  A shadow dragon (Vaults:5)
  Kirke (D:14)
  4 azure jellies
  4 storm dragons
  An ancient champion (Vaults:2)
  7 tengu reavers
  2 fire giants
  Ilsuiw (Shoals:5)
  5 tentacled starspawn (Abyss:1)
  3 iron dragons (Vaults:5)
  6 frost giants
  The ghost of Kloppie the Warrior, a mighty GrBe of Trog (Snake:3)
  9 large abominations
  6 deep elf sorcerers
  6 greater nagas (Snake:5)
  An emperor scorpion (Depths:1)
  Aizul (Snake:1)
  23 vault wardens
  2 orc warlords
  Gastronok (Orc:3)
  3 war gargoyles (Vaults:5)
  13 ironheart preservers
  10 stone giants
  10 very ugly things
  2 vampire knights (Vaults:2)
  12 deep elf annihilators
  2 lorocyprocas (Abyss:1)
  4 rakshasas (Abyss:1)
  11 deep elf demonologists
  A crystal guardian (Vaults:4)
  3 death oozes (Slime:6)
  13 deep elf death magi
  A purple draconian (Abyss:1)
  7 ettins
  17 yaktaur captains
  A minotaur (Depths:1)
  10 merfolk impalers
  6 merfolk javelineers (Shoals:5)
  29 vault guards
  A blizzard demon (Abyss:1)
  5 fire dragons
  4 deep elf high priests
  4 great orbs of eyes
  2 hydras
  Fannar (Lair:2)
  4 ice dragons
  21 naga warriors
  An anaconda (shapeshifter) (Vaults:5)
  A catoblepas (Shoals:3)
  12 centaur warriors
  A merfolk avatar (Shoals:5)
  Erica (D:15)
  3 tengu warriors (D:15)
  An alligator snapping turtle (Shoals:5)
  11 ogre magi
  19 merfolk aquamancers
  2 satyrs (Shoals:5)
  An orc high priest (Orc:4)
  4 deep troll shamans
  16 dancing weapons (Elf:2)
  9 death yaks
  19 anacondas
  18 naga sharpshooters
  2 fire crabs
  A shock serpent (Snake:2)
  2 thrashing horrors (Abyss:1)
  26 deep elf knights
  4 wretched stars (Abyss:1)
  A salamander mystic (Snake:5)
  2 iron trolls (Depths:1)
  3 soul eaters
  A spatial maelstrom (Abyss:1)
  2 sun demons
  2 ice devils (D:14)
  12 sea snakes
  7 shadow wraiths
  9 deep trolls
  5 skeletal warriors
  9 deep elf summoners
  21 ironbrand convokers
  3 giant orange brains
  7 unseen horrors
  5 hill giants
  A flayed ghost (Vaults:3)
  Pikel (D:8)
  5 wolf spiders
  13 naga ritualists
  21 harpies
  19 deep elf conjurers
  2 phantasmal warriors (Vaults:2)
  A wolf spider (shapeshifter) (Vaults:5)
  12 fauns
  A wolf spider zombie (D:15)
  2 lindwurms (shapeshifter)
  18 orc knights
  9 griffons
  9 manticores
  A hornet (shapeshifter) (Vaults:1)
  29 ugly things
  5 orc sorcerers
  17 salamanders
  9 cyclopes
  A frost giant zombie (Abyss:1)
  3 water nymphs
  8 mana vipers
  A water nymph (shapeshifter) (Elf:2)
  4 hornets
  2 worldbinders (Abyss:1)
  13 guardian serpents
  A sixfirhy (Elf:3)
  11 elephants
  35 black mambas
  Maurice (D:8)
  9 shining eyes
  An orange demon (Depths:1)
  Joseph (Lair:1)
  2 gargoyles (D:15)
  16 vault sentinels
  14 small abominations
  11 sirens
  3 eyes of devastation
  29 naga magi
  A torpor snail (Depths:1)
  A drowned soul (Shoals:5)
  16 spiny frogs
  6 smoke demons
  2 kobold demonologists
  A yaktaur zombie (Vaults:4)
  9 komodo dragons
  3 demonic crawlers
  3 fire drakes
  A hellion (Depths:1)
  A tormentor (Abyss:1)
  An elf (shapeshifter) (Vaults:3)
  An ancient zyme (Abyss:1)
  55 yaktaurs
  20 deep elf priests
  A red devil (Elf:3)
  13 two-headed ogres
  A troll (shapeshifter) (Vaults:1)
  6 wind drakes
  A wind drake (shapeshifter) (Vaults:3)
  A blue devil (Depths:1)
  11 merfolk
  A silent spectre (Abyss:1)
  13 trolls
  Sonja (D:11)
  6 freezing wraiths
  132 slime creatures
  10 raiju (Abyss:1)
  5 boulder beetles
  A two-headed ogre (shapeshifter) (Vaults:5)
  2 jumping spiders (Vaults:4)
  A harpy skeleton (D:14)
  A raven (shapeshifter) (Vaults:1)
  A blink frog (Abyss:1)
  9 snapping turtles
  A human simulacrum (Vaults:3)
  2 raiju (shapeshifter)
  4 ravens (D:15)
  A frost giant simulacrum (Vaults:3)
  2 vampires
  5 basilisks
  3 wraiths
  A yak (shapeshifter) (Vaults:1)
  3 ynoxinuls
  5 shadows
  12 redbacks
  2 air elementals (Vaults:3)
  A blink frog (shapeshifter) (Vaults:3)
  2 elf zombies
  A tarantella (shapeshifter) (Vaults:4)
  27 deep elf magi
  31 yaks
  3 tarantellas
  A wolf (shapeshifter) (Vaults:1)
  Eustachio (D:8)
  10 golden eyes
  14 water elementals
  3 wyverns
  17 humans
  35 deep elf fighters
  Grum (D:8)
  4 neqoxecs (Abyss:1)
  3 steam dragons
  23 vampire mosquitoes
  9 wargs
  3 hungry ghosts
  8 mottled dragons
  A chaos spawn (Abyss:1)
  A soldier ant (D:13)
  75 nagas
  22 wolves
  15 hippogriffs
  A soldier ant (shapeshifter) (Vaults:2)
  A spatial vortex (Abyss:1)
  34 water moccasins
  A swamp drake (Lair:8)
  5 sky beasts
  8 spiders (Snake:5)
  4 ice beasts
  10 porcupines
  4 necrophages (Lair:3)
  A black bear (D:13)
  7 eyes of draining
  54 orc warriors
  A human zombie (Vaults:4)
  49 ogres
  10 boggarts
  An eye of draining (shapeshifter) (Vaults:3)
  2 phantoms
  A boring beetle (Lair:8)
  18 crocodiles
  16 centaurs
  An orc skeleton (Orc:4)
  Duvessa (D:8)
  10 giant frogs
  11 big kobolds
  Blork the orc (Orc:4)
  6 brain worms
  22 killer bees
  2 scorpions
  5 wights (D:14)
  A goliath beetle (D:4)
  Dowan (D:8)
  10 crimson imps
  25 jellies
  5 starcursed masses (Abyss:1)
  2 giant frog zombies
  12 hounds
  3 quasits (Abyss:1)
  41 orc priests
  5 centaur skeletons
  3 centaur zombies
  2 giant frog skeletons
  37 orc wizards
  13 iguanas
  Natasha (thrice) (D:4)
  2 killer bee zombies
  6 worker ants
  14 hell rats
  Ijyb (D:4)
  32 sheep
  2 hound skeletons
  21 adders
  A gnoll (shapeshifter) (Elf:3)
  4 gnolls (D:7)
  31 river rats
  2 shadow imps
  A giant mite (D:9)
  A white imp (D:8)
  2 worms (D:2)
  7 ufetubi (Abyss:1)
  An adder skeleton (D:5)
  An ooze (D:4)
  5 giant geckos
  228 orcs
  18 bats
  2 bat skeletons
  A bat zombie (D:8)
  6 giant cockroaches
  22 hobgoblins
  7 jackals
  7 ball pythons
  A giant cockroach zombie (D:5)
  9 giant newts
  A giant spore (D:15)
  33 goblins
  37 kobolds
  12 orc zombies (Orc:4)
  17 quokkas
  26 rats
  3 ballistomycetes (D:15)
  5 crawling corpses
  16 fungi
  40 plants
  10 starspawn tentacles (Abyss:1)
2694 creatures vanquished.

Vanquished Creatures (collateral kills)
  A golden dragon (Vaults:5)
  Vashnia (Snake:3)
  The ghost of paplaukes the Black Belt, a mighty DsSk of Makhleb (Elf:3)
  The ghost of Starve the Severer, a mighty MiHu of Makhleb (Shoals:2)
  The ghost of Kloppie the Fencer, a powerful MiBe of Trog (D:15)
  A deep elf sorcerer (Elf:3)
  An ironheart preserver (Vaults:2)
  A yaktaur captain (Vaults:5)
  A hydra (Lair:3)
  A satyr (Shoals:5)
  2 death yaks (Shoals:3)
  A naga sharpshooter (Snake:3)
  A deep elf knight (Elf:3)
  An ice devil (Vaults:2)
  A wizard (Vaults:3)
  2 deep elf conjurers
  A phantasmal warrior (Vaults:5)
  2 naga magi (Snake:2)
  A komodo dragon (D:15)
  2 kobold demonologists (Vaults:2)
  2 basilisks (Lair:8)
  2 neqoxecs
  A deep elf fighter (Elf:3)
  3 nagas (Snake:4)
  3 big kobolds (Vaults:2)
  A small abomination (Vaults:3)
  An orc priest (Vaults:3)
  A plant (Lair:8)
38 creatures vanquished.

Vanquished Creatures (others)
  A player illusion (Shoals:3)
  A tengu reaver (Vaults:5)
  A deep elf high priest (Vaults:5)
  A deep troll (Shoals:3)
  A hill giant (Snake:3)
  A wizard (Vaults:3)
  An orc knight (Vaults:1)
  A drowned soul (Shoals:5)
  2 two-headed ogres (Shoals:3)
  3 trolls
  A slime creature (Slime:3)
  2 humans (D:14)
  2 nagas (Snake:5)
  A slave (D:8)
  A boggart (Vaults:1)
  4 lost souls
  2 iguanas
  An iron imp (Abyss:1)
  5 sheep (Lair:5)
  An adder (Lair:8)
  An orc (D:8)
  7 fungi
  18 plants
  21 starspawn tentacles (Abyss:1)
  114 starspawn tentacle segments (Abyss:1)
194 creatures vanquished.

Grand Total: 2926 creatures vanquished

Notes
Turn   | Place    | Note
--------------------------------------------------------------
     0 | D:1      | Kloppie, the Minotaur Berserker, began the quest for the Orb.
     0 | D:1      | Reached XP level 1. HP: 19/19 MP: 1/1
   107 | D:1      | Reached skill level 4 in Axes
   156 | D:1      | Reached XP level 2. HP: 26/26 MP: 1/1
   241 | D:1      | Acquired Trog's second power
   530 | D:2      | Reached XP level 3. HP: 31/31 MP: 2/2
   640 | D:2      | Reached skill level 5 in Axes
   834 | D:2      | Reached XP level 4. HP: 37/39 MP: 2/2
  1352 | D:3      | Found an iron altar of Okawaru.
  1607 | D:4      | Noticed Natasha
  1610 | D:4      | Killed Natasha
  1610 | D:4      | Reached XP level 5. HP: 42/45 MP: 2/2
  1820 | D:4      | Reached skill level 6 in Axes
  1891 | D:4      | Noticed Ijyb
  1911 | D:4      | Killed Ijyb
  1922 | D:4      | Acquired Trog's third power
  1958 | D:4      | Noticed Natasha
  1970 | D:4      | Killed Natasha
  2121 | D:4      | Noticed Natasha
  2126 | D:4      | Killed Natasha
  2255 | D:4      | Found a staircase to the Ecumenical Temple.
  2354 | D:4      | Reached XP level 6. HP: 51/51 MP: 3/3
  2404 | D:5      | Entered Level 5 of the Dungeon
  2495 | D:5      | Reached skill level 7 in Axes
  2495 | D:5      | Reached skill level 5 in Armour
  2670 | D:5      | Received a gift from Trog
  2888 | D:5      | Reached XP level 7. HP: 24/57 MP: 3/3
  2966 | D:5      | Found a glowing drain.
  2991 | Sewer    | Entered a sewer
  3513 | D:6      | Reached skill level 8 in Axes
  3776 | D:6      | Found a deep blue altar of Sif Muna.
  4036 | D:7      | Noticed a centaur skeleton
  4049 | D:7      | Killed a centaur skeleton
  4049 | D:7      | Reached skill level 9 in Axes
  4049 | D:7      | Reached XP level 8. HP: 51/64 MP: 3/3
  4614 | D:7      | Reached skill level 10 in Axes
  5039 | D:7      | Noticed a human
  5055 | D:7      | Killed a human
  5055 | D:7      | Reached XP level 9. HP: 55/70 MP: 4/4
  5174 | D:8      | Noticed Maurice
  5228 | D:8      | Noticed Pikel
  5268 | D:8      | Killed Pikel
  5268 | D:8      | Reached skill level 11 in Axes
  5268 | D:8      | Reached skill level 10 in Armour
  5569 | D:8      | Noticed Eustachio
  5570 | D:8      | Noticed Dowan
  5623 | D:8      | Noticed Grum
  5646 | D:8      | Killed Grum
  5660 | D:8      | Killed Maurice
  5660 | D:8      | Reached skill level 12 in Axes
  5687 | D:8      | Killed Eustachio
  5843 | D:8      | Noticed Duvessa
  5854 | D:8      | Killed Duvessa
  5882 | D:8      | Killed Dowan
  5918 | D:8      | Reached XP level 10. HP: 77/77 MP: 4/4
  5946 | D:8      | Received a gift from Trog
  6304 | D:8      | Reached skill level 13 in Axes
  6882 | D:9      | Received a gift from Trog
  6939 | D:9      | Reached skill level 5 in Dodging
  6996 | D:9      | Reached skill level 5 in Fighting
  7191 | D:9      | Found a sacrificial altar of Ru.
  7193 | D:9      | Found a shadowy altar of Dithmenos.
  7195 | D:9      | Found a shattered altar of Ashenzari.
  7197 | D:9      | Found a basalt altar of Yredelemnul.
  7222 | D:9      | Found a blossoming altar of Fedhas.
  7360 | D:10     | Entered Level 10 of the Dungeon
  7438 | D:10     | Reached XP level 11. HP: 46/89 MP: 4/4
  7460 | D:10     | Noticed a giant orange brain
  7471 | D:10     | Killed a giant orange brain
  7471 | D:10     | Reached skill level 14 in Axes
  7520 | D:10     | Killed an unseen horror
  7536 | D:10     | Noticed a hill giant
  7543 | D:10     | Killed a hill giant
  7585 | D:10     | Found a staircase to the Lair.
  7618 | D:10     | Received a gift from Trog
  7788 | D:10     | Killed an unseen horror
  7811 | D:10     | Identified a scroll of acquirement
  7826 | D:10     | Noticed a hill giant
  7834 | D:10     | Killed a hill giant
  7998 | D:10     | Received a gift from Trog
  8225 | Lair:1   | Entered Level 1 of the Lair of Beasts
  8597 | Lair:1   | Noticed Joseph
  8608 | Lair:1   | Killed Joseph
  8608 | Lair:1   | Reached skill level 15 in Axes
  9327 | Lair:2   | Noticed Fannar
  9348 | Lair:2   | Killed Fannar
  9348 | Lair:2   | Reached XP level 12. HP: 91/104 MP: 5/5
 10106 | Lair:2   | Reached skill level 10 in Fighting
 10482 | Lair:3   | Found a staircase to the Shoals.
 10489 | Lair:3   | Noticed Rupert
 10490 | Lair:3   | Paralysed by Rupert for 6 turns
 10510 | Lair:3   | Killed Rupert
 10582 | Lair:3   | Received a gift from Trog
 11128 | Lair:3   | Reached skill level 10 in Dodging
 11207 | Lair:3   | Noticed a six-headed hydra
 11216 | Lair:3   | Killed a six-headed hydra
 11216 | Lair:3   | Reached skill level 16 in Axes
 12675 | Lair:5   | Found a shimmering altar of Xom.
 13639 | Lair:6   | Received a gift from Trog
 13681 | Lair:6   | Found a staircase to the Snake Pit.
 14127 | Lair:3   | Reached XP level 13. HP: 116/116 MP: 5/5
 14699 | Lair:7   | Got a heavily runed amethyst amulet
 14701 | Lair:7   | Received a gift from Trog
 14998 | Lair:7   | Reached skill level 17 in Axes
 15765 | D:11     | Identified the amulet of Xigeops {Gourm rN+ Str+4 Dex-5 SInv} (You found it on level 7 of the Lair of Beasts)
 15844 | D:11     | Noticed Sonja
 15856 | D:11     | Killed Sonja
 15977 | D:11     | Received a gift from Trog
 16096 | D:11     | Found a staircase to the Orcish Mines.
 16915 | Orc:1    | Entered Level 1 of the Orcish Mines
 17586 | Orc:2    | Received a gift from Trog
 17712 | Orc:2    | Received a gift from Trog
 18010 | Orc:3    | Found a staircase to the Elven Halls.
 18489 | Orc:3    | Received a gift from Trog
 18635 | Orc:3    | Noticed Gastronok
 18638 | Orc:3    | Found Ijainuampo's Armour Emporium.
 18643 | Orc:3    | Killed Gastronok
 19030 | Orc:4    | Entered Level 4 of the Orcish Mines
 19389 | Orc:4    | Received a gift from Trog
 19537 | Orc:4    | Noticed Blork the orc
 19551 | Orc:4    | Killed Blork the orc
 19551 | Orc:4    | Reached XP level 14. HP: 85/129 MP: 5/5
 19581 | Orc:4    | Found a roughly hewn altar of Beogh.
 19588 | Orc:4    | Noticed an orc warlord
 19723 | Orc:3    | Killed an orc warlord
 20170 | Orc:4    | Found Stia's Jewellery Shoppe.
 20176 | Orc:4    | Bought the amulet "Tratzun" {Gourm +Blink rElec Int+3 SInv Stlth-} for 961 gold pieces
 20176 | Orc:4    | Bought a cursed ring of teleportation for 232 gold pieces
 20176 | Orc:4    | Bought the cursed ring "Zaecwam" {rF++ MP+9 AC-2 SInv} for 403 gold pieces
 20326 | Orc:4    | Found Schaivez's Food Emporium.
 20413 | Orc:4    | Found Juroext's Antique Armour Shoppe.
 20682 | Orc:4    | Found Shracsis' Antique Weapon Shoppe.
 20688 | Orc:4    | Bought an encrusted battleaxe for 391 gold pieces
 20697 | Orc:4    | Found Vail's General Store.
 20705 | Orc:4    | Reached skill level 18 in Axes
 20707 | Orc:4    | Received a gift from Trog
 20721 | Orc:4    | Bought a potion of heal wounds for 50 gold pieces
 20998 | D:12     | Got a wavering granite ring
 21217 | D:12     | Found a shadowy altar of Dithmenos.
 22007 | D:13     | Found Breol's Gadget Shop.
 22060 | D:13     | Found Pludgha's Armour Emporium.
 22133 | D:13     | Identified the ring "Joreor" {rF+ MR+ Int+4 Stlth+} (You found it on level 12 of the Dungeon)
 22209 | D:13     | Found a flickering gateway to a bazaar.
 22215 | Bazaar   | Entered a bazaar
 22215 | Bazaar   | Found Serum's General Store.
 22215 | Bazaar   | Found Meoroac's Distillery.
 22215 | Bazaar   | Found Dill's General Store.
 22216 | Bazaar   | Found Foguypsafi's Weapon Emporium.
 22232 | Bazaar   | Bought a potion of degeneration for 15 gold pieces
 22235 | Bazaar   | Bought a potion of haste for 150 gold pieces
 22235 | Bazaar   | Bought a potion of curing for 45 gold pieces
 22235 | Bazaar   | Bought a potion of agility for 60 gold pieces
 22235 | Bazaar   | Bought a potion of restore abilities for 75 gold pieces
 22241 | Bazaar   | Bought an uncursed ring of sustain abilities for 210 gold pieces
 22443 | D:13     | Found Wymanniz's General Store.
 22621 | D:14     | Found a gate to the Vaults.
 22807 | D:14     | Received a gift from Trog
 23145 | D:14     | Found a snail-covered altar of Cheibriados.
 23216 | D:14     | Reached skill level 15 in Fighting
 23352 | D:14     | Noticed Kirke
 23360 | D:14     | Killed Kirke
 23707 | Snake:1  | Entered Level 1 of the Snake Pit
 23741 | Snake:1  | Found Ghiyrphi's Jewellery Shoppe.
 23749 | Snake:1  | Bought a cursed ring of loudness for 58 gold pieces
 23767 | Snake:1  | Found Jipnu's Distillery.
 23778 | Snake:1  | Bought a potion of decay for 14 gold pieces
 23778 | Snake:1  | Bought a potion of poison for 14 gold pieces
 23895 | Snake:1  | Reached XP level 15. HP: 112/141 MP: 6/6
 24024 | Snake:1  | Found Stuinuew's Food Emporium.
 24099 | Snake:1  | Found Jaqot's Gadget Shop.
 24118 | Snake:1  | Noticed Aizul
 24141 | Snake:1  | Killed Aizul
 24141 | Snake:1  | Received a gift from Trog
 24141 | Snake:1  | Reached skill level 19 in Axes
 24141 | Snake:1  | Reached skill level 15 in Armour
 24748 | Snake:1  | Found Khoad's Antique Weapon Shop.
 26063 | Snake:3  | Received a gift from Trog
 26175 | Snake:3  | Noticed Vashnia
 26210 | Snake:3  | Killed Vashnia
 26745 | Snake:3  | Noticed Asterion
 26750 | Snake:3  | Noticed a spectral weapon
 27080 | Snake:3  | Noticed Kloppie's ghost (mighty GrBe)
 27104 | Snake:3  | HP: 3/217 [Kloppie's ghost (36)]
 27105 | Snake:3  | Killed Kloppie's ghost
 27452 | Snake:3  | Got a jewelled battleaxe
 27557 | Snake:3  | Received a gift from Trog
 27560 | Snake:3  | Killed Asterion
 27849 | Snake:4  | Reached skill level 20 in Axes
 27917 | Snake:4  | Reached XP level 16. HP: 67/152 MP: 2/6
 28990 | Snake:4  | Received a gift from Trog
 29166 | Snake:4  | Identified the +3 battleaxe "Ethimn" {chop, Noisy +Rage rElec Str+3 Dex+4} (You found it on level 3 of the Snake Pit)
 29170 | Snake:4  | Gained mutation: You are weak. (Str -2) [potion of mutation]
 29170 | Snake:4  | Gained mutation: You are resistant to hostile enchantments. [potion of mutation]
 29170 | Snake:4  | Gained mutation: You are clumsy. (Dex -2) [potion of mutation]
 29171 | Snake:4  | Gained mutation: You have large cloven feet. [potion of mutation]
 29171 | Snake:4  | Gained mutation: You can spit poison. [potion of mutation]
 29171 | Snake:4  | Gained mutation: You are frail (-10% HP). [potion of mutation]
 29172 | Snake:4  | Lost mutation: You are weak. (Str -2) [potion of mutation]
 29172 | Snake:4  | Lost mutation: You are clumsy. (Dex -2) [potion of mutation]
 29172 | Snake:4  | Gained mutation: Scrolls take you a little longer to read. [potion of mutation]
 29173 | Snake:4  | Lost mutation: You are frail (-10% HP). [potion of cure mutation]
 29173 | Snake:4  | Lost mutation: You are resistant to hostile enchantments. [potion of cure mutation]
 29173 | Snake:4  | Lost mutation: Scrolls take you a little longer to read. [potion of cure mutation]
 29173 | Snake:4  | Lost mutation: You can spit poison. [potion of cure mutation]
 29173 | Snake:4  | Lost mutation: You have large cloven feet. [potion of cure mutation]
 29174 | Snake:4  | Gained mutation: You are agile. (Dex +2) [potion of beneficial mutation]
 29175 | Snake:4  | Gained mutation: You are partially covered in thin metallic scales (AC +2). [potion of beneficial mutation]
 30149 | Lair:8   | Entered Level 8 of the Lair of Beasts
 30159 | Lair:8   | Reached skill level 1 in Crossbows
 30231 | Lair:8   | Found a staircase to the Slime Pits.
 30232 | Lair:8   | Found a viscous altar of Jiyva.
 30601 | Lair:8   | Got a ripped robe
 30616 | Lair:8   | Reached skill level 5 in Crossbows
 30626 | Lair:8   | Received a gift from Trog
 31253 | Elf:1    | Entered Level 1 of the Elven Halls
 31433 | Elf:1    | Found a portal to a secret trove of treasure.
 31910 | Elf:1    | Received a gift from Trog
 31941 | Elf:1    | You fall through a shaft!
 32254 | Elf:2    | Found a huge runed gate.
 32254 | Elf:2    | Found a huge runed gate.
 32255 | Elf:2    | Found a huge runed gate.
 32255 | Elf:2    | Found a huge runed gate.
 32256 | Elf:2    | Found a huge runed gate.
 32482 | Elf:2    | Reached XP level 17. HP: 125/163 MP: 6/6
 32511 | Elf:2    | Reached skill level 10 in Crossbows
 33013 | Elf:2    | Received a gift from Trog
 33466 | Elf:1    | Received a gift from Trog
 33769 | Elf:3    | Entered Level 3 of the Elven Halls
 33798 | Elf:3    | Received a gift from Trog
 34076 | Elf:3    | Noticed paplaukes' ghost (mighty DsSk)
 34098 | Elf:3    | Killed paplaukes' ghost
 34549 | Elf:3    | Received a gift from Trog
 34797 | D:13     | Bought a wand of digging (10) for 420 gold pieces
 35652 | Elf:3    | Noticed an Ice Fiend
 35670 | Elf:3    | Killed an Ice Fiend
 35871 | Elf:3    | Got a translucent trident
 36292 | Elf:3    | Reached XP level 18. HP: 174/174 MP: 7/7
 36307 | Elf:3    | Got a fine dagger
 36482 | Elf:3    | Received a gift from Trog
 36915 | Elf:3    | Received a gift from Trog
 37306 | Elf:3    | Reached skill level 15 in Crossbows
 37628 | Elf:3    | Got a warped graven amulet
 37667 | Elf:3    | Identified the amulet "Veruuroj" {Inacc rElec rPois rC- MR+ SInv} (You found it on level 3 of the Elven Halls)
 37668 | Elf:3    | Identified the +4 trident "Rycsya" {antimagic, MP+9 Int+2 Dex+2} (You took it off a deep elf summoner on level 3 of the Elven Halls)
 37670 | Elf:3    | Identified the +9 dagger of Pyahec {pain, Dex+5} (You took it off a deep elf summoner on level 3 of the Elven Halls)
 37913 | Elf:3    | Got a twisted arbalest
 37917 | Elf:3    | Got a transparent plate armour
 38281 | Lair:1   | Identified the +8 plate armour of the Sailor {rC- Str-2 Int+8 Slay+3} (You found it on level 3 of the Elven Halls)
 38314 | Lair:1   | Identified the +5 arbalest of the Turnip {speed, rF++} (You found it on level 3 of the Elven Halls)
 38501 | Snake:1  | Bought an uncursed ring of poison resistance for 260 gold pieces
 39029 | Snake:5  | Entered Level 5 of the Snake Pit
 39132 | Snake:5  | Noticed Nikola
 39139 | Snake:5  | Killed Nikola
 39263 | Snake:5  | Received a gift from Trog
 39619 | Snake:5  | Received a gift from Trog
 39741 | Snake:5  | Received a gift from Trog
 40061 | Snake:5  | Reached skill level 1 in Evocations
 40203 | Snake:5  | Received a gift from Trog
 40457 | Snake:5  | Reached XP level 19. HP: 159/185 MP: 19/19
 40622 | Snake:5  | Received a gift from Trog
 41068 | Snake:5  | Got a serpentine rune of Zot
 41224 | Snake:2  | Reached skill level 5 in Evocations
 41553 | Lair:1   | Identified the cursed -2 battleaxe of Skexag {flame, SInv} (You bought it in a shop on level 4 of the Orcish Mines)
 41635 | Shoals:1 | Entered Level 1 of the Shoals
 41743 | Shoals:1 | Noticed Agnes
 41761 | Shoals:1 | Killed Agnes
 42037 | Shoals:2 | Noticed Starve's ghost (mighty MiHu)
 42061 | Shoals:2 | Killed Starve's ghost
 42162 | Shoals:2 | Got a heavily runed platinum amulet
 42222 | Shoals:2 | Identified the amulet of Prekh {rMut Str+3} (You found it on level 2 of the Shoals)
 42405 | Shoals:3 | Received a gift from Trog
 42512 | Shoals:3 | Noticed Polyphemus
 42546 | Shoals:3 | Killed Polyphemus
 42786 | Shoals:3 | Noticed Mara
 42787 | Shoals:3 | Noticed Kloppie's illusion
 42833 | Shoals:3 | Killed Kloppie's illusion
 43518 | D:15     | Entered Level 15 of the Dungeon
 43550 | D:15     | Noticed Kloppie's ghost (powerful MiBe)
 43582 | D:15     | Killed Kloppie's ghost
 43988 | D:15     | Received a gift from Trog
 44010 | D:15     | Noticed Erica
 44016 | D:15     | Killed Erica
 44179 | D:15     | Received a gift from Trog
 44215 | D:15     | Found a staircase to the Depths.
 44488 | D:15     | Received a gift from Trog
 44615 | Vaults:1 | Entered Level 1 of the Vaults
 45430 | Vaults:1 | Received a gift from Trog
 45669 | Vaults:1 | Received a gift from Trog
 45777 | Vaults:1 | Reached skill level 10 in Evocations
 45783 | Vaults:1 | Reached XP level 20. HP: 193/193 MP: 28/28
 46458 | Vaults:2 | Found a staircase to the Crypt.
 46592 | Vaults:2 | Received a gift from Trog
 47161 | Vaults:2 | Received a gift from Trog
 47253 | Vaults:2 | Found Xitoym's Weapon Shop.
 47689 | Vaults:2 | Got a silken robe
 47690 | Vaults:2 | Identified the +3 robe of Platabou {+Blink Int+2} (You found it on level 2 of the Vaults)
 47963 | Vaults:3 | Received a gift from Trog
 48237 | Vaults:3 | Cast into the Abyss (vault warden)
 48625 | Abyss:1  | Found a corrupted altar of Lugonu.
 48946 | Abyss:1  | Gained mutation: You often lose your temper in combat. [a neqoxec]
 48954 | Vaults:3 | Escaped the Abyss
 48967 | Vaults:3 | Received a gift from Trog
 49258 | Vaults:3 | Reached XP level 21. HP: 194/201 MP: 13/30
 49625 | Vaults:3 | Noticed Sojobo
 49640 | Vaults:3 | Killed Sojobo
 49892 | Vaults:3 | Received a gift from Trog
 49892 | Vaults:3 | Reached skill level 15 in Dodging
 50338 | Vaults:4 | Noticed Mennas
 50360 | Vaults:4 | Killed Mennas
 50365 | Vaults:4 | Got a crude large shield
 50366 | Vaults:4 | Identified the cursed -4 large shield of the Commoners {rN+} (You took it off Mennas on level 4 of the Vaults)
 50493 | Vaults:4 | Received a gift from Trog
 50672 | Vaults:4 | Found Meihuall's Book Shoppe.
 50850 | Vaults:4 | Received a gift from Trog
 51008 | Vaults:4 | Noticed Jory
 51013 | Vaults:4 | Received a gift from Trog
 51055 | Vaults:4 | Killed Jory
 51173 | Vaults:4 | Noticed Boris
 51639 | Vaults:4 | Killed Boris
 52223 | Vaults:4 | Received a gift from Trog
 52636 | Vaults:3 | Received a gift from Trog
 53161 | Shoals:5 | Entered Level 5 of the Shoals
 53426 | Shoals:5 | Reached XP level 22. HP: 203/209 MP: 13/30
 53754 | Shoals:4 | Cast into the Abyss (merfolk aquamancer)
 54196 | Abyss:1  | Found a corrupted altar of Lugonu.
 54412 | Abyss:1  | Gained mutation: Armour fits poorly on your strangely shaped body. [a neqoxec]
 54493 | Shoals:4 | Escaped the Abyss
 54630 | Shoals:4 | Lost mutation: You tend to lose your temper in combat. [potion of cure mutation]
 54630 | Shoals:4 | Lost mutation: Armour fits poorly on your strangely shaped body. [potion of cure mutation]
 54630 | Shoals:4 | Lost mutation: You are agile. (Dex +2) [potion of cure mutation]
 54630 | Shoals:4 | Lost mutation: You are partially covered in thin metallic scales (AC +2). [potion of cure mutation]
 55004 | Shoals:4 | Received a gift from Trog
 55151 | Shoals:5 | Noticed gaypyos' ghost (mighty MiBe)
 55466 | Shoals:5 | Killed gaypyos' ghost
 55644 | Shoals:5 | Noticed Ilsuiw
 55699 | Shoals:5 | Killed Ilsuiw
 56797 | Shoals:5 | Received a gift from Trog
 56999 | Shoals:5 | Got a barnacled rune of Zot
 57626 | Vaults:5 | Entered Level 5 of the Vaults
 57821 | Vaults:4 | Received a gift from Trog
 58025 | Vaults:5 | Reached XP level 23. HP: 82/215 MP: 13/32
 58979 | Vaults:5 | Got a slimy scythe
 58980 | Vaults:5 | Identified the cursed -2 scythe of Inflation {pain, Str+5 Dex-4} (You found it on level 5 of the Vaults)
 58985 | Vaults:5 | Got a twisted flail
 58986 | Vaults:5 | Identified the +2 flail of Plague {crush, Dex+2} (You found it on level 5 of the Vaults)
 59080 | Vaults:5 | Got an ichor-stained battleaxe
 59093 | Vaults:5 | Identified the +1 battleaxe of Change {elec, *Rage rPois Stlth+} (You took it off a tengu reaver on level 5 of the Vaults)
 59239 | Vaults:5 | Received a gift from Trog
 59738 | Vaults:5 | Reached skill level 15 in Evocations
 59781 | Vaults:5 | Got a silver rune of Zot
 59785 | Vaults:5 | Got an ichor-stained hat
 59786 | Vaults:5 | Identified the +0 hat "Kyihueh" {Regen+ MP+9 SInv Stlth-} (You acquired it on level 5 of the Vaults)
 60332 | Vaults:5 | Received a gift from Trog
 60528 | Vaults:5 | Got a coiled gossamer ring
 60671 | Vaults:5 | Received a gift from Trog
 61613 | Lair:1   | Identified the ring of Heujyule {rN+ Str+3} (You took it off an orc knight on level 5 of the Vaults)
 61762 | Depths:1 | Entered Level 1 of the Depths
 61805 | Depths:1 | Reached skill level 21 in Axes
 61861 | Depths:1 | Received a gift from Trog
 62039 | Depths:1 | Received a gift from Trog
 62223 | Depths:1 | Found a gateway to Hell.
 62307 | Depths:1 | Reached XP level 24. HP: 209/224 MP: 17/36
 62425 | Depths:1 | Found a one-way gate leading to the halls of Pandemonium.
 63060 | Elf:1    | You paid a toll of a +5 fire dragon armour to enter a treasure trove
 63061 | Trove    | Entered a treasure trove
 63088 | Trove    | Got a smoking cloak
 63089 | Trove    | Identified the +1 cloak "Ijiogish" {rElec Str+2} (You found it in a treasure trove)
 63092 | Trove    | Got a pair of scorched boots
 63093 | Trove    | Identified the +3 pair of boots of Action {rPois Regen+ rCorr Int-2 SInv} (You found it in a treasure trove)
 63099 | Trove    | Got a pair of pitted boots
 63100 | Trove    | Identified the +0 pair of boots of Inoghoh {+Inv Str+5 Int+2 Slay-2} (You found it in a treasure trove)
 63185 | Trove    | Got a bloodstained scale mail
 63186 | Trove    | Identified the +5 scale mail of Devotion {rElec rC+ MP+9 Int-5} (You found it in a treasure trove)
 63198 | Trove    | Got a warped leather armour
 63199 | Trove    | Identified the +0 leather armour of Insatiable Hunger {Str+2 Int+2 Dex+4} (You found it in a treasure trove)
 63563 | Slime:1  | Entered Level 1 of the Pits of Slime
 63569 | Slime:1  | Reached skill level 22 in Axes
 63675 | Slime:1  | Received a gift from Trog
 63904 | Slime:4  | Reached skill level 23 in Axes
 63907 | Slime:4  | Received a gift from Trog
 63969 | Slime:4  | Received a gift from Trog
 63999 | Slime:6  | Entered Level 6 of the Pits of Slime
 64088 | Slime:5  | Received a gift from Trog
 64194 | Slime:5  | Reached skill level 24 in Axes
 64574 | Slime:6  | Found a viscous altar of Jiyva.
 64574 | Slime:6  | Noticed the royal jelly
 64755 | Slime:6  | HP: 8/224 [acid (16)]
 64760 | Slime:6  | HP: 9/223 [acid blob/splash of acid[the royal jelly] (3)]
 64760 | Slime:6  | HP: 4/223 [acid[the royal jelly] (5)]
 64760 | Slime:6  | Splashed by an acid blob's acid

Action                   |  1- 3 |  4- 6 |  7- 9 | 10-12 | 13-15 | 16-18 | 19-21 | 22-24 || total
-------------------------+-------+-------+-------+-------+-------+-------+-------+-------++-------
Melee: Hand axe          |    65 |   198 |   422 |    33 |       |       |       |       ||   718
       Battleaxe         |       |       |       |   612 |  1154 |   954 |   779 |       ||  3499
       Executioner's axe |       |       |       |       |       |       |   723 |  1382 ||  2105
 Fire: Arbalest          |       |       |       |       |       |   240 |    56 |       ||   296
       Triple crossbow   |       |       |       |       |       |       |   283 |   129 ||   412
Invok: Berserk           |       |     1 |     3 |     1 |     4 |     1 |     5 |     2 ||    17
       Trog's Hand       |       |       |     4 |     3 |    13 |    10 |    21 |    19 ||    70
       Brothers in Arms  |       |       |       |     1 |     4 |     1 |    10 |     4 ||    20
Evoke: Wand              |       |     2 |       |       |       |     2 |       |     2 ||     6
  Use: Scroll            |       |    11 |     4 |     6 |    13 |    16 |    12 |    26 ||    88
       Potion            |       |       |       |       |     1 |     7 |     2 |     7 ||    17
 Stab: Fleeing           |       |       |       |     1 |       |       |       |       ||     1
       Distracted        |       |       |       |       |       |     2 |     1 |       ||     3
       Petrified         |       |       |       |       |       |       |     2 |       ||     2
  Eat: Chunk             |       |     4 |    11 |    27 |    42 |    22 |    29 |    15 ||   150
       Meat ration       |       |     1 |       |       |     1 |     2 |       |     3 ||     7
       Beef jerky        |       |       |     1 |     1 |       |       |     2 |     2 ||     6
       Bread ration      |       |       |       |       |     2 |     2 |     4 |     3 ||    11
       Pizza             |       |       |       |       |       |     1 |     3 |     1 ||     5
